 Dungeon Crawl Stone Soup version 0.29.1-2-gbd0b4ee654 (webtiles) character file.

Game seed: 1492798502771005802

238205 Turbognida the Cleaver (level 20, -3/167 HPs)
             Began as a Gnoll Chaos Knight on Nov 25, 2022.
             Was a Priest of Ashenzari.
             Splashed by an acid blob's acid (6 damage)
             ... on level 1 of the Pits of Slime on Nov 26, 2022.
             The game lasted 01:47:30 (33270 turns).

Turbognida the Cleaver (Gnoll Chaos Knight)        Turns: 33270, Time: 01:47:31

Health: -3/167     AC:  7    Str: 26    XL:     20   Next: 9%
Magic:  0/39       EV: 23    Int: 22    God:    Ashenzari [***...]
Gold:   1803       SH:  0    Dex: 21    Spells: 5/50 levels left

rFire   + . .      SeeInvis +   U - +6 executioner's axe (vorpal)
rCold   + + .      Faith    .   (shield currently unavailable)
rNeg    . . .      Spirit   +   L - +6 swamp dragon scales
rPois   +          Reflect  .   B - +2 hat of the Bear Spirit {Spirit, *Rage Will++, Evo, Self} (curse)
rElec   +          Harm     .   p - +2 cloak of Toth-Mos's Legacy {Cun, Bglg} (curse)
rCorr   .          Rampage  .   (no gloves)
Will    +++..      Clarity  +   (no boots)
Stlth   ++++++....              v - amulet of Ashenzari's Loss {Acrobat Str+3 Int+4 Slay+3, Cun, Self} (curse)
HPRegen 0.37/turn               o - ring of Toth-Mos's Legacy {rElec rF+ rC+ Int+3, Melee, Bglg} (curse)
MPRegen 0.26/turn               y - ring "Oracle of Ashenzari" {Drain rC+ Str+10 Int+3 Slay+3, Fort, Cun} (curse)

@: corroded, studying 2 skills, unable to read
A: fangs 1, strong nose, distributed training, agile 1, berserk 1, screaming 1,
inability to read after injury 2
a: Renounce Religion, Curse Item, Shatter the Chains


You were on level 1 of the Pits of Slime.
You worshipped Ashenzari.
Ashenzari was most pleased with you.
You visited 6 branches of the dungeon, and saw 28 of its levels.
You also visited: Sewer, Gauntlet and Ice Cave.

You collected 4590 gold pieces.
You spent 2787 gold pieces at shops.

Inventory:

Hand Weapons
 b - the +5 sling of Onayham {venom, rF+++ Str+3 Int-2}
   (You found it on level 4 of the Dungeon)

   Any ammunition fired from it poisons the flesh of those it strikes.
   Str:       It affects your strength (+3).
   Int:       It affects your intelligence (-2).
   rF:        It renders you almost immune to fire.
 M - the +9 sword of Zonguldrok {reap}
   (You took it off a deep elf sorcerer on level 3 of the Elven Halls)

   Any living foe damaged by it may be reanimated upon death as a zombie
   friendly to the wielder, with an increasing chance as more damage is dealt.
 U - a +6 vorpal executioner's axe (weapon)
Missiles
 g - 11 silver javelins
 i - 39 poisoned darts (quivered)
 q - 3 datura-tipped darts
 C - 6 curare-tipped darts
 X - 6 boomerangs of dispersal
Armour
 p - the cursed +2 cloak of Toth-Mos's Legacy (worn) {Cun, Bglg}
   (You took it off Crazy Yiuf on level 2 of the Dungeon)

   It has a curse which improves the following skills: Cunning: Dodging and
   Stealth.
   Beguiling: Conjurations, Hexes and Translocations.
 B - the cursed +2 hat of the Bear Spirit (worn) {Spirit, *Rage Will++, Evo, Self}
   (You found it in a Gauntlet)

   Going berserk makes the wearer tougher, and they're slowed less afterward.
   *Rage:     It berserks you when you make melee attacks (+20% chance).
   Will:      It greatly increases your willpower.
   It has a curse which improves the following skills: Evocations: Evocations.
   Introspection: Fighting and Spellcasting.
 L - +6 swamp dragon scales (worn)
Jewellery
 o - the cursed ring of Toth-Mos's Legacy (left hand) {rElec rF+ rC+ Int+3, Melee, Bglg}
   (You found it in a Gauntlet)

   [ring of protection from cold]

   Int:       It affects your intelligence (+3).
   rF:        It protects you from fire.
   rC:        It protects you from cold.
   rElec:     It insulates you from electricity.
   It has a curse which improves the following skills: Melee Combat: Short
   Blades, Long Blades, Axes, Maces & Flails, Polearms, Staves and Unarmed
   Combat.
   Beguiling: Conjurations, Hexes and Translocations.
 v - the cursed amulet of Ashenzari's Loss (around neck) {Acrobat Str+3 Int+4 Slay+3, Cun, Self}
   (Xom gifted it to you on level 14 of the Dungeon)

   [amulet of the acrobat]

   It increases your evasion while moving and waiting.
   Str:       It affects your strength (+3).
   Int:       It affects your intelligence (+4).
   Slay:      It affects your accuracy & damage with ranged weapons and melee
   (+3).
   It has a curse which improves the following skills: Cunning: Dodging and
   Stealth.
   Introspection: Fighting and Spellcasting.
 y - the cursed ring "Oracle of Ashenzari" (right hand) {Drain rC+ Str+10 Int+3 Slay+3, Fort, Cun}
   (You found it in an ice cave)

   [ring of protection from cold]

   Str:       It affects your strength (+10).
   Int:       It affects your intelligence (+3).
   Slay:      It affects your accuracy & damage with ranged weapons and melee
   (+3).
   rC:        It protects you from cold.
   Drain:     It drains your maximum health when unequipped.
   It has a curse which improves the following skills: Fortitude: Armour and
   Shields.
   Cunning:   Dodging and Stealth.
 H - the ring of Xualluco {Wiz Dex+2 Slay+3}
   (You took it off a deep elf master archer on level 3 of the Elven Halls)

   [ring of wizardry]

   It improves your spell success rate.
   Dex:       It affects your dexterity (+2).
   Slay:      It affects your accuracy & damage with ranged weapons and melee
   (+3).
 K - an amulet of magic regeneration
Wands
 j - a wand of polymorph (5)
 I - a wand of roots (21)
 O - a wand of flame (51)
 P - a wand of charming (20)
 Q - a wand of digging (17)
 S - a wand of quicksilver (18)
 W - a wand of mindburst (31)
Scrolls
 d - 4 scrolls of blinking
 e - 3 scrolls of poison
 f - 5 scrolls of immolation
 h - 13 scrolls of teleportation
 k - 2 scrolls of silence
 m - 4 scrolls of fog
 n - a scroll of amnesia
 t - 2 scrolls of magic mapping
 w - 3 scrolls of vulnerability
 Z - 5 scrolls of fear
Potions
 l - 3 potions of might
 r - 3 potions of resistance
 s - 3 potions of lignification
 u - 18 potions of curing
 x - 5 potions of attraction
 z - 4 potions of brilliance
 D - 5 potions of ambrosia
 F - 6 potions of flight
 G - 3 potions of invisibility
 J - a potion of mutation
 T - 2 potions of magic
 V - 2 potions of cancellation
Miscellaneous
 a - a piece from Xom's chessboard (15/15)
 c - a condenser vane
 A - a phial of floods
 E - a phantom mirror


   Skills:
 + Level 14.6(16.9) Fighting
 + Level 13.2(14.7) Short Blades
 + Level 13.2(14.7) Long Blades
 + Level 14.6(16.1) Axes
 + Level 13.2(14.7) Maces & Flails
 + Level 13.2(14.7) Polearms
 + Level 13.2(14.7) Staves
 + Level 13.2 Ranged Weapons
 + Level 13.2 Throwing
 + Level 13.9(15.4) Armour
 + Level 13.4(16.6) Dodging
 + Level 13.2(16.3) Stealth
 + Level 13.2(14.7) Shields
 + Level 13.2(14.7) Unarmed Combat
 + Level 13.2(15.5) Spellcasting
 + Level 11.2(13.6) Conjurations
 + Level 11.2(13.6) Hexes
 + Level 11.2 Summonings
 + Level 11.2 Necromancy
 + Level 11.2(13.6) Translocations
 + Level 11.2 Transmutations
 + Level 11.2 Fire Magic
 + Level 12.3 Ice Magic
 + Level 11.2 Air Magic
 + Level 11.2 Earth Magic
 + Level 11.2 Poison Magic
 + Level 14.3 Invocations
 + Level 13.2(14.7) Evocations


You had 5 spell levels left.
You knew the following spells:

 Your Spells              Type           Power      Damage    Failure   Level
a - Manifold Assault      Tloc           67%        N/A       1%          5
b - Summon Lightning Spi  Summ/Air       61%        N/A       1%          4
c - Anguish               Hex/Necr       32%        N/A       1%          4
d - Olgreb's Toxic Radia  Pois           61%        N/A       1%          4
e - Statue Form           Tmut/Erth      40%        N/A       7%          6
f - Ozocubu's Armour      Ice            63%        N/A       1%          3
g - Yara's Violent Unrav  Hex/Tmut       32%        3d13      1%          5
h - Petrify               Tmut/Erth      61%        N/A       1%          4
i - Blink                 Tloc           100%       N/A       1%          2
j - Teleport Other        Tloc           67%        N/A       1%          3
k - Metabolic Englaciati  Hex/Ice        32%        N/A       1%          5

Your spell library contained the following spells:

 Spells                   Type           Power      Damage    Failure   Level
 Apportation              Tloc           100%       N/A       0%          1
 Magic Dart               Conj           100%       1d8       0%          1
 Beastly Appendage        Tmut           100%       N/A       1%          1
 Sting                    Tmut/Pois      100%       1d8       1%          1
 Summon Small Mammal      Summ           100%       N/A       1%          1
 Poisonous Vapours        Pois/Air       100%       N/A       1%          2
 Searing Ray              Conj           100%       2d8       1%          2
 Static Discharge         Conj/Air       64%        3-11/arc  1%          2
 Call Canine Familiar     Summ           61%        N/A       1%          3
 Confusing Touch          Hex            67%        N/A       1%          3
 Gell's Gravitas          Tloc           67%        N/A       1%          3
 Inner Flame              Hex/Fire       64%        N/A       1%          3
 Lesser Beckoning         Tloc           67%        N/A       1%          3
 Summon Guardian Golem    Hex/Summ       64%        N/A       1%          3
 Airstrike                Air            30%        2d(5-21)  1%          4
 Cause Fear               Hex            33%        N/A       1%          4
 Fulminant Prism          Conj/Hex       33%        3d16      1%          4
 Hailstorm                Conj/Ice       65%        3d14      1%          4
 Blade Hands              Tmut           30%        N/A       1%          5
 Borgnjor's Vile Clutch   Necr/Erth      30%        N/A       1%          5
 Freezing Cloud           Conj/Ice/Air   32%        6-21      1%          5
 Irradiate                Conj/Tmut      32%        3d22      1%          5
 Iskenderun's Battlesphe  Conj           67%        2d12      1%          5
 Lightning Bolt           Conj/Air       32%        1d49      1%          5
 Dispersal                Tloc           33%        N/A       2%          6
 Iron Shot                Conj/Erth      32%        9d7       4%          6
 Starburst                Conj/Fire      32%        6d10      4%          6
 Simulacrum               Ice/Necr       31%        N/A       5%          6
 Enfeeble                 Hex            33%        N/A       14%         7
 Ozocubu's Refrigeration  Ice            31%        4d14      24%         7
 Spellforged Servitor     Conj/Summ      32%        N/A       24%         7
 Dragon Form              Tmut           30%        N/A       36%         7
 Haunt                    Necr/Summ      30%        N/A       36%         7
 Storm Form               Tmut/Air       30%        N/A       36%         7
 Discord                  Hex            33%        N/A       73%         8
 Ignition                 Fire           30%        3d10      96%         8
 Maxwell's Capacitive Co  Air            30%        ∞         96%         8
 Dragon's Call            Summ           30%        N/A       100%        9


Dungeon Overview and Level Annotations

Branches:
Dungeon (15/15)            Temple (0/1) D:4            Lair (5/5) D:8
 Shoals (0/4) Lair:3       Spider (0/4) Lair:3        Slime (2/5) Lair:4
    Orc (2/2) D:11            Elf (3/3) Orc:2        Vaults (0/5) D:14
 Depths (1/4) D:15          Sewer (visited)           IceCv (visited)
Gauntlet (visited)

Altars:
Ashenzari
Dithmenos
Elyvilon
Fedhas
Gozag
Kikubaaqudgha
Makhleb
Nemelex Xobeh
Okawaru
Trog
Uskayaw
Vehumet
Wu Jian
Xom
Zin
The Shining One
Jiyva

Shops:
D:5 !!*   D:6 *?([   Orc:2 ([?=   Elf:3 =::(

Portals:
Trove: D:11 (show abyssal rune of Zot)


Innate Abilities, Weirdness & Mutations

You have very sharp teeth.
Your uncanny sense of smell can sniff out nearby items.
Your experience applies equally to all skills.
You are agile. (Dex +4, Str/Int -1)
You sometimes lose your temper in combat.
You occasionally shout uncontrollably at your foes.
You sometimes lose the ability to read scrolls when taking damage.


Message History

You slash the shining eye!
The shining eye is almost dead.
You slice the acid blob!!
Your hands burn!
The acid blob spits acid at you. The splash of acid hits you!
You slice the shining eye!!
You kill the shining eye!
You slash the acid blob! The acid corrodes you!
Your hands burn!
The acid blob hits you! The acid corrodes you!
You are splashed with acid!
The acid blob spits acid at you. The splash of acid hits you!
You slice the acid blob!!
Your hands burn!
You bite the acid blob, but do no damage.
The acid blob is almost dead.
The acid blob spits acid at you. The splash of acid hits you!
You feel threatened and lose the ability to read scrolls!
The acid corrodes you! The acid blob spits acid at you.
The splash of acid hits you!!
You barely miss the acid blob.
The acid blob is almost dead.
You slash the acid blob!
Your hands burn!
The acid blob spits acid at you. The splash of acid hits you!!
The acid corrodes you! The acid blob spits acid at you.
The splash of acid hits you!!
* * * LOW HITPOINT WARNING * * *
You cannot read scrolls in your current state!
You hit the acid blob.
Your hands burn!
The acid blob is almost dead.
You slash the acid blob!
Your hands burn!
* * * LOW HITPOINT WARNING * * *
The acid blob spits acid at you. The splash of acid hits you!!
* * * LOW HITPOINT WARNING * * *
The acid corrodes you! The acid blob hits you!!
* * * LOW HITPOINT WARNING * * *
You are splashed with acid.
You die...

* , , .##.
#.......##
..#.##........#
* *
...............
, * ,
,...............
* ,
...............,
*
.#.............
,
.......J.......
,
.......@J......
*
,...............
..._...........
*
,...............
,...............
,.#.#...........
,
#..#...........
, ..
...........# *


You could see 2 acid blobs.

Vanquished Creatures
  Rupert (Orc:2)
  3 deep elf blademasters
  3 deep elf master archers (Elf:3)
  Kirke (Lair:3)
  3 azure jellies
  2 orc warlords
  7 deep elf sorcerers (Elf:3)
  A cacodemon (D:11)
  2 deep elf elementalists (Elf:3)
  A quicksilver ooze (IceCv)
  2 deep elf demonologists (Elf:3)
  Azrael (Elf:2)
  A minotaur (shapeshifter) (D:11)
  5 deep elf annihilators
  3 deep elf death magi (Elf:3)
  4 deep elf high priests
  A rakshasa (D:15)
  6 hydras
  4 boulder beetles
  An ice dragon (Lair:5)
  The ghost of Discosetron the Marksdemigod, a journeyman DgHu (D:11)
  4 two-headed ogres
  3 catoblepae
  5 centaur warriors
  24 dancing weapons
  6 death yaks (Lair:3)
  2 orc high priests (Orc:2)
  3 spriggan berserkers (Elf:3)
  Sonja (D:10)
  A wretched star (Gauntlet)
  14 deep elf knights
  A fire crab (shapeshifter) (D:15)
  Amaemon (Lair:2)
  2 glowing orange brains
  9 deep elf archers
  2 orc knights
  Pikel (D:8)
  3 lindwurms (Lair:5)
  24 deep elf zephyrmancers
  A wolf spider (Lair:5)
  18 ugly things
  33 deep elf pyromancers
  2 orc sorcerers
  7 cyclopes
  5 manticores
  A shining eye (Slime:1)
  An ice statue (IceCv)
  Maurice (D:8)
  A black mamba (shapeshifter) (D:13)
  11 elephants
  5 black mambas
  An orange demon (Lair:2)
  A cane toad (shapeshifter) (D:14)
  8 cane toads
  6 torpor snails (Lair:5)
  5 gargoyles
  3 eyes of devastation
  A kobold demonologist (D:13)
  A freezing wraith (D:13)
  Maggie (D:7)
  6 rime drakes
  A minotaur zombie (Gauntlet)
  A rime drake (shapeshifter) (D:11)
  10 komodo dragons
  2 tengu conjurers (D:14)
  An efreet (D:13)
  4 yaktaurs
  A guardian mummy (D:11)
  7 hornets (Lair:5)
  2 meliai (shapeshifter)
  A queen bee (Gauntlet)
  2 tyrant leeches (Lair:5)
  2 polar bears
  4 trolls
  41 slime creatures
  A hornet (shapeshifter) (D:11)
  16 blink frogs
  2 blink frogs (shapeshifter) (D:13)
  5 dream sheep
  A shadow (D:12)
  A spriggan (D:8)
  3 air elementals
  A vampire (D:12)
  5 water elementals
  2 wraiths
  5 wyverns
  7 basilisks
  36 yaks
  6 fire elementals
  A hog (Lair:3)
  4 golden eyes (Slime:1)
  3 neqoxecs
  2 steam dragons (Lair:5)
  2 redbacks (Lair:3)
  8 wargs
  7 vampire mosquitoes (D:13)
  3 swamp worms (Gauntlet)
  A naga (D:7)
  5 acid dragons
  6 water moccasins
  2 hell hounds (Elf:2)
  A floating eye (shapeshifter) (D:13)
  29 orc warriors
  A swamp drake (Lair:5)
  A sky beast (D:5)
  4 black bears
  An ice beast (D:5)
  2 great orb of eyes simulacra (IceCv)
  20 centaurs
  5 ogres
  6 wolves (Lair:1)
  A wolf (shapeshifter) (D:11)
  2 slime creature simulacra (IceCv)
  5 kobold brigands
  10 bullfrogs
  3 earth elementals
  A necrophage (D:5)
  5 scorpions
  2 two-headed ogre simulacra (Orc:2)
  19 wights
  An elephant simulacrum (Orc:2)
  14 killer bees
  2 electric eels (Lair:5)
  A howler monkey (D:9)
  A crimson imp (D:9)
  Crazy Yiuf (D:2)
  7 jellies
  3 hounds
  21 orc priests
  7 iguanas
  A merfolk siren (Sewer)
  2 troll simulacra (Orc:2)
  27 orc wizards
  4 hell rats (Lair:3)
  2 shapeshifter simulacra (IceCv)
  2 spriggan simulacra (Orc:2)
  A merfolk avatar (Sewer)
  The ghost of AbrileMaio the Sneak, a weakling SpDe of Wu Jian (D:6)
  5 gnolls
  3 river rats
  11 adders
  A naga simulacrum (Orc:2)
  2 shadow imps (D:7)
  3 white imps
  An ufetubus (D:5)
  4 worms
  4 dart slugs
  93 orcs
  10 ball pythons
  2 bats
  3 endoplasms
  4 giant cockroaches
  11 goblins
  5 hobgoblins
  15 kobolds
  4 quokkas
  7 frilled lizards
  28 rats
924 creatures vanquished.

Vanquished Creatures (collateral kills)
  A deep elf master archer (Elf:3)
  3 slime creatures
  A deep elf sorcerer (Elf:3)
  A minotaur (Gauntlet)
  A fire dragon (Lair:5)
  A rakshasa (D:15)
  A hydra (D:11)
  A swamp dragon (Lair:5)
  A deep elf archer (Elf:3)
  A moth of wrath (shapeshifter) (D:13)
  A torpor snail (Lair:5)
  A cane toad (Lair:5)
  A troll (D:11)
  A shadow (D:12)
  4 yaks
  2 basilisks
  A steam dragon (D:8)
  A neqoxec (Gauntlet)
  A warg (Orc:1)
  2 vampire mosquitoes (D:11)
  An acid dragon (D:12)
  A water moccasin (D:8)
  4 orc warriors
  3 ogres (Orc:1)
  A slime creature simulacrum (IceCv)
  An orc wizard (D:11)
  A shapeshifter simulacrum (IceCv)
  4 orcs
43 creatures vanquished.

Vanquished Creatures (others)
  A deep elf death mage (Elf:3)
  2 two-headed ogres (D:14)
  An orc high priest (Orc:1)
  A deep elf zephyrmancer (Elf:3)
  An orc sorcerer (Orc:1)
  An elephant (Lair:5)
  A tyrant leech (Lair:5)
  A wind drake (Lair:3)
  An air elemental (Elf:3)
  A human (Lair:3)
  2 orc warriors
  A great orb of eyes simulacrum (IceCv)
  An orc priest (Orc:1)
  An orc wizard (D:14)
  A shapeshifter simulacrum (IceCv)
  6 demonic plants (D:11)
  28 fungi
  52 plants
103 creatures vanquished.

Grand Total: 1070 creatures vanquished

Notes
Turn   | Place    | Note
-------+----------+-------------------------------------------
     0 | D:1      | Turbognida the Gnoll Chaos Knight began the quest for the
                  | Orb.
     0 | D:1      | Reached XP level 1. HP: 23/23 MP: 1/1
   349 | D:1      | Reached XP level 2. HP: 29/29 MP: 2/2
   439 | D:1      | XOM: noise
   461 | D:1      | XOM: silly message
   734 | D:1      | XOM: give mutation
   734 | D:1      | Gained mutation: You have a pair of small antennae on your
                  | head. [Xom's mischief]
   856 | D:2      | XOM: noise
   862 | D:2      | Reached XP level 3. HP: 34/35 MP: 2/4
   868 | D:2      | XOM: destruction
   872 | D:2      | Reached skill level 1 in Invocations
   882 | D:2      | Reached skill level 1 in Short Blades
   882 | D:2      | Reached skill level 1 in Long Blades
   882 | D:2      | Reached skill level 1 in Maces & Flails
   882 | D:2      | Reached skill level 1 in Polearms
   882 | D:2      | Reached skill level 1 in Staves
   882 | D:2      | Reached skill level 1 in Ranged Weapons
   882 | D:2      | Reached skill level 1 in Throwing
   882 | D:2      | Reached skill level 1 in Stealth
   882 | D:2      | Reached skill level 1 in Shields
   882 | D:2      | Reached skill level 1 in Unarmed Combat
   882 | D:2      | Reached skill level 1 in Spellcasting
   882 | D:2      | Reached skill level 1 in Evocations
   945 | D:2      | Reached XP level 4. HP: 13/41 MP: 5/5
  1027 | D:2      | XOM: 1-stop teleportation journey
  1078 | D:2      | Found a faded altar of an unknown god.
  1145 | D:2      | Found an iron altar of Okawaru.
  1233 | D:2      | Found a runed translucent door.
  1234 | D:2      | Noticed Crazy Yiuf
  1346 | D:2      | Killed Crazy Yiuf
  1347 | D:2      | Reached skill level 1 in Conjurations
  1347 | D:2      | Reached skill level 1 in Hexes
  1347 | D:2      | Reached skill level 1 in Summonings
  1347 | D:2      | Reached skill level 1 in Necromancy
  1347 | D:2      | Reached skill level 1 in Translocations
  1347 | D:2      | Reached skill level 1 in Transmutations
  1347 | D:2      | Reached skill level 1 in Fire Magic
  1347 | D:2      | Reached skill level 1 in Ice Magic
  1347 | D:2      | Reached skill level 1 in Air Magic
  1347 | D:2      | Reached skill level 1 in Earth Magic
  1347 | D:2      | Reached skill level 1 in Poison Magic
  1623 | D:3      | Found a shadowy altar of Dithmenos.
  1788 | D:3      | Found a faded altar of an unknown god.
  1794 | D:3      | Found an ancient bone altar of Kikubaaqudgha.
  2102 | D:4      | Identified the +5 sling of Onayham {venom, rF+++ Str+3
                  | Int-2}
  2143 | D:4      | Reached XP level 5. HP: 47/47 MP: 5/7
  2285 | D:4      | Found a staircase to the Ecumenical Temple.
  2551 | D:4      | Reached XP level 6. HP: 53/53 MP: 8/8
  2606 | D:4      | Reached skill level 5 in Armour
  2681 | D:5      | Entered Level 5 of the Dungeon
  2681 | D:5      | Noticed an ice beast
  2681 | D:5      | Found Aropn's General Store.
  2687 | D:5      | Killed an ice beast
  2694 | D:5      | Bought a potion of curing for 36 gold pieces
  2694 | D:5      | Bought a potion of mutation for 96 gold pieces
  2731 | D:5      | XOM: 3-stop teleportation journey
  2756 | D:5      | Found Uczek's Distillery.
  2756 | D:5      | Noticed a sky beast
  2758 | D:5      | Reached XP level 7. HP: 60/60 MP: 10/10
  2772 | D:5      | Bought a potion of might for 52 gold pieces
  2778 | D:5      | XOM: noise
  2883 | D:5      | Found Voeq's Distillery.
  2886 | D:5      | Bought a potion of heal wounds for 60 gold pieces
  2895 | D:5      | Found a hide-covered altar of Uskayaw.
  3024 | D:5      | Found a glowing drain.
  3034 | Sewer    | Entered a sewer
  3117 | Sewer    | XOM: enchant monster (bad)
  3192 | Sewer    | XOM: noise
  3340 | Sewer    | XOM: cloud trail
  3521 | D:5      | XOM: silly message
  3551 | D:5      | XOM: silly message
  3574 | D:5      | Found an opulent altar of Gozag.
  3708 | D:6      | XOM: potion effect (berserk rage)
  3760 | D:6      | Noticed a slime creature
  3774 | D:6      | Reached XP level 8. HP: 67/67 MP: 12/12
  3870 | D:6      | Noticed AbrileMaio's ghost (weakling SpDe)
  3871 | D:6      | Found a runed translucent gate.
  3872 | D:6      | Found a runed translucent gate.
  3873 | D:6      | Found a runed translucent gate.
  3886 | D:6      | Found an ornate altar of the Wu Jian Council.
  3936 | D:6      | Found Ackuiriph's Antique Armour Shop.
  4397 | D:6      | Found Haseibb's General Store.
  4400 | D:6      | Bought 3 datura-tipped darts for 16 gold pieces
  4470 | D:6      | Found Neir's Weapon Boutique.
  4475 | D:6      | Found Luneakh's Magic Scroll Boutique.
  4492 | D:6      | Bought a scroll of summoning for 133 gold pieces
  4492 | D:6      | Bought a scroll of identify for 28 gold pieces
  4716 | D:6      | XOM: noise
  4917 | D:6      | Killed a slime creature
  4921 | D:6      | Killed AbrileMaio's ghost
  5063 | D:7      | Noticed a wyvern
  5069 | D:7      | a wyvern changed into a naga
  5069 | D:7      | XOM: polymorph wyvern -> naga
  5078 | D:7      | Reached XP level 9. HP: 60/73 MP: 13/15
  5123 | D:7      | XOM: give mutations
  5123 | D:7      | Gained mutation: You are dopey. (Int -2) [Xom's mischief]
  5123 | D:7      | Gained mutation: You have large cloven feet. [Xom's
                  | mischief]
  5179 | D:7      | XOM: give mutation
  5179 | D:7      | Lost mutation: You have large cloven feet. [Xom's grace]
  5179 | D:7      | Gained mutation: You have sharp toenails. [Xom's grace]
  5519 | D:7      | Noticed Maggie
  5530 | D:7      | Killed Maggie
  5531 | D:7      | Reached skill level 5 in Dodging
  5686 | D:7      | Found a sparkling altar of Nemelex Xobeh.
  5710 | D:7      | XOM: silly message
  5836 | D:7      | XOM: give mutation
  5836 | D:7      | Gained mutation: You are frail. (-10% HP) [Xom's mischief]
  5995 | D:8      | Reached skill level 5 in Invocations
  6002 | D:8      | Noticed Maurice
  6016 | D:8      | Killed Maurice
  6034 | D:8      | Found a blossoming altar of Fedhas.
  6151 | D:8      | Noticed Pikel
  6154 | D:8      | XOM: enchant monster (bad)
  6170 | D:8      | XOM: 1-stop teleportation journey
  6175 | D:8      | XOM: summons friendly white imp
  6181 | D:8      | Killed Pikel
  6182 | D:8      | Reached skill level 5 in Short Blades
  6182 | D:8      | Reached skill level 5 in Long Blades
  6182 | D:8      | Reached skill level 5 in Maces & Flails
  6182 | D:8      | Reached skill level 5 in Polearms
  6182 | D:8      | Reached skill level 5 in Staves
  6182 | D:8      | Reached skill level 5 in Ranged Weapons
  6182 | D:8      | Reached skill level 5 in Throwing
  6182 | D:8      | Reached skill level 5 in Stealth
  6182 | D:8      | Reached skill level 5 in Shields
  6182 | D:8      | Reached skill level 5 in Unarmed Combat
  6182 | D:8      | Reached skill level 5 in Spellcasting
  6182 | D:8      | Reached skill level 5 in Evocations
  6182 | D:8      | Reached XP level 10. HP: 55/72 MP: 17/17
  6385 | D:8      | XOM: noise
  6440 | D:8      | Found a glowing golden altar of the Shining One.
  6479 | D:8      | XOM: silly message
  6492 | D:8      | Found a staircase to the Lair.
  6515 | D:8      | XOM: noise
  6519 | D:8      | XOM: polymorph basilisk -> spriggan
  6570 | D:8      | XOM: summons 10 friendly demons
  6764 | D:8      | XOM: stat loss: -1 Dex (12/13)
  6786 | D:8      | Lost mutation: You have a pair of small antennae on your
                  | head. [potion of mutation]
  6786 | D:8      | Lost mutation: You are dopey. (Int -2) [potion of mutation]
  6786 | D:8      | Gained mutation: You occasionally lose the ability to read
                  | scrolls when taking damage. [potion of mutation]
  6786 | D:8      | Gained mutation: You are very frail. (-20% HP) [potion of
                  | mutation]
  6786 | D:8      | Gained mutation: You are strong-willed. (Will+) [potion of
                  | mutation]
  6787 | D:8      | Lost mutation: You occasionally lose the ability to read
                  | scrolls when taking damage. [potion of mutation]
  6787 | D:8      | Lost mutation: You are strong-willed. (Will+) [potion of
                  | mutation]
  6787 | D:8      | Lost mutation: You are very frail. (-20% HP) [potion of
                  | mutation]
  6787 | D:8      | Gained mutation: You have sharp fingernails. [potion of
                  | mutation]
  6787 | D:8      | Gained mutation: You are agile. (Dex +4, Str/Int -1)
                  | [potion of mutation]
  6801 | D:8      | Learned a level 3 spell: Ozocubu's Armour
  6806 | D:8      | Learned a level 4 spell: Summon Lightning Spire
  7038 | D:9      | XOM: torment (36/73 hp)
  7094 | D:9      | XOM: give mutations
  7094 | D:9      | Lost mutation: You are agile. (Dex +4, Str/Int -1) [Xom's
                  | mischief]
  7094 | D:9      | Gained mutation: You occasionally shout uncontrollably at
                  | your foes. [Xom's mischief]
  7094 | D:9      | Gained mutation: You are weak. (Str -2) [Xom's mischief]
  7094 | D:9      | Lost mutation: You are frail. (-10% HP) [Xom's mischief]
  7119 | D:9      | XOM: divination: detect creatures
  7403 | D:9      | XOM: silly message
  7522 | D:9      | XOM: enchant monster (good)
  7532 | D:9      | Reached skill level 5 in Conjurations
  7532 | D:9      | Reached skill level 5 in Hexes
  7532 | D:9      | Reached skill level 5 in Summonings
  7532 | D:9      | Reached skill level 5 in Necromancy
  7532 | D:9      | Reached skill level 5 in Translocations
  7532 | D:9      | Reached skill level 5 in Transmutations
  7532 | D:9      | Reached skill level 5 in Fire Magic
  7532 | D:9      | Reached skill level 5 in Ice Magic
  7532 | D:9      | Reached skill level 5 in Air Magic
  7532 | D:9      | Reached skill level 5 in Earth Magic
  7532 | D:9      | Reached skill level 5 in Poison Magic
  7533 | D:9      | XOM: scenery: summon butterflies
  7538 | D:9      | Reached XP level 11. HP: 67/89 MP: 20/20
  7546 | D:9      | Found a broken altar of Ashenzari.
  7546 | D:9      | XOM: 10-stop teleportation journey
  7658 | D:9      | Reached XP level 12. HP: 97/97 MP: 22/22
  7707 | D:9      | XOM: give mutation
  7707 | D:9      | Gained mutation: Your natural rate of healing is unusually
                  | fast. [Xom's grace]
  7726 | D:9      | XOM: confuse monster(s)
  7766 | D:9      | XOM: enchant monster (good)
  7809 | D:9      | Found an iron altar of Okawaru.
  7860 | D:9      | XOM: scenery: summon butterflies
  7954 | D:9      | Found a burning altar of Makhleb.
  7954 | D:9      | Found a radiant altar of Vehumet.
  8073 | D:10     | Entered Level 10 of the Dungeon
  8143 | D:10     | Found a transporter.
  8154 | D:10     | XOM: summons friendly ufetubus
  8306 | D:10     | Noticed Sonja
  8307 | D:10     | XOM: confuse monster(s)
  8315 | D:10     | XOM: destruction
  8330 | D:10     | Killed Sonja
  8496 | D:10     | XOM: enchant monster (good)
  8565 | D:10     | Found a transporter.
  8838 | D:10     | XOM: noise
  8879 | D:10     | XOM: give mutations
  8879 | D:10     | Lost mutation: You have sharp fingernails. [Xom's mischief]
  8879 | D:10     | Gained mutation: You are clumsy. (Dex -2) [Xom's mischief]
  8879 | D:10     | Gained mutation: Your spells are a little harder to cast,
                  | but a little more powerful. [Xom's mischief]
  8879 | D:10     | Gained mutation: Your body sometimes deteriorates upon
                  | taking damage. [Xom's mischief]
  9065 | D:10     | Reached skill level 10 in Fighting
  9065 | D:10     | Reached skill level 10 in Axes
  9084 | D:10     | Got the Catalogue of Windy Elsewhere
  9214 | D:11     | Noticed an eight-headed hydra
  9232 | D:11     | Killed an eight-headed hydra
  9346 | D:11     | XOM: god gift: potion of ambrosia
  9365 | D:11     | Found a gate leading to a gauntlet.
  9374 | Gauntlet | Entered a Gauntlet
  9374 | Gauntlet | Found a transporter.
  9374 | Gauntlet | Found a transporter.
  9375 | Gauntlet | Found a transporter.
  9378 | Gauntlet | Found a transporter.
  9378 | Gauntlet | Found a transporter.
  9378 | Gauntlet | Found a transporter.
  9379 | Gauntlet | Found the ring of the Octopus King
  9380 | Gauntlet | Found a large runed translucent door.
  9381 | Gauntlet | Found a large runed translucent door.
  9382 | Gauntlet | Found a large runed translucent door.
  9382 | Gauntlet | Found a large runed translucent door.
  9382 | Gauntlet | Found a runed translucent door.
  9383 | Gauntlet | Found a large runed translucent door.
  9384 | Gauntlet | Found a large runed translucent door.
  9385 | Gauntlet | Found a large runed translucent door.
  9385 | Gauntlet | Found a large runed translucent door.
  9386 | Gauntlet | Found a runed translucent gate.
  9388 | Gauntlet | Found a transporter.
  9392 | Gauntlet | Found a transporter.
  9398 | Gauntlet | Noticed a wretched star
  9404 | Gauntlet | Found a transporter.
  9496 | Gauntlet | Found a large runed translucent door.
  9497 | Gauntlet | Found a large runed translucent door.
  9498 | Gauntlet | Found a large runed translucent door.
  9498 | Gauntlet | Found a large runed translucent door.
  9498 | Gauntlet | Found a runed translucent door.
  9499 | Gauntlet | Found a large runed translucent door.
  9500 | Gauntlet | Found a large runed translucent door.
  9501 | Gauntlet | Found a large runed translucent door.
  9501 | Gauntlet | Found a large runed translucent door.
  9502 | Gauntlet | Found a runed translucent gate.
  9502 | Gauntlet | Found a runed translucent gate.
  9504 | Gauntlet | Found a transporter.
  9504 | Gauntlet | XOM: give mutation
  9504 | Gauntlet | Gained mutation: Your flesh is heat resistant. (rF+) [Xom's
                  | grace]
  9508 | Gauntlet | Found a transporter.
  9518 | Gauntlet | Found a transporter.
  9518 | Gauntlet | Found the +2 hat of the Bear Spirit {Spirit, *Rage Will++}
  9565 | Gauntlet | XOM: summons friendly quasit
  9608 | Gauntlet | Identified the +4 war axe "Wurphetau" {drain, Int+2}
  9628 | Gauntlet | XOM: enchant monster (good)
  9646 | Gauntlet | Identified the ring of Elefuom {rElec rF+ rC+ Int+3}
  9660 | Gauntlet | Learned a level 4 spell: Anguish
  9665 | Gauntlet | Learned a level 4 spell: Olgreb's Toxic Radiance
  9668 | Gauntlet | Learned a level 2 spell: Blink
  9672 | Gauntlet | Learned a level 3 spell: Teleport Other
  9684 | Gauntlet | Gained mutation: You frequently scream uncontrollably at
                  | your foes. [a neqoxec]
  9687 | Gauntlet | Gained mutation: You are very weak. (Str -4) [a neqoxec]
  9692 | Gauntlet | Killed a wretched star
  9694 | Gauntlet | Gained mutation: Potions are less effective at restoring
                  | your health. [a neqoxec]
  9697 | Gauntlet | XOM: cast spell 'Summon Dragon'
  9823 | Gauntlet | Lost mutation: You frequently scream uncontrollably at your
                  | foes. [potion of mutation]
  9823 | Gauntlet | Lost mutation: Your body sometimes deteriorates upon taking
                  | damage. [potion of mutation]
  9823 | Gauntlet | Gained mutation: You are robust. (+10% HP) [potion of
                  | mutation]
  9843 | Gauntlet | Identified the ring "Wiseg" {Fire rN+ Dex+3}
  9843 | Gauntlet | Noticed a minotaur
  9855 | Gauntlet | Killed a minotaur
  9865 | Gauntlet | XOM: noise
  9867 | Gauntlet | XOM: swap monsters
  9878 | Gauntlet | Got the Precepts of a Thousand Tusks
 10042 | D:11     | Found a runed translucent gate.
 10042 | D:11     | Found a runed translucent gate.
 10042 | D:11     | Found a runed translucent gate.
 10067 | D:11     | Found a staircase to the Orcish Mines.
 10076 | D:11     | XOM: 1-stop teleportation journey
 10086 | D:11     | Found a portal to a secret trove of treasure.
 10191 | D:11     | XOM: enchant monster (good)
 10259 | D:11     | XOM: summons 7 hostile demons
 10782 | D:11     | Noticed a boulder beetle
 10786 | D:11     | Noticed a jorogumo
 10786 | D:11     | a boulder beetle changed into a jorogumo
 10787 | D:11     | Noticed an ice dragon
 10787 | D:11     | a jorogumo changed into an ice dragon
 10792 | D:11     | Noticed a great orb of eyes
 10792 | D:11     | an ice dragon changed into a great orb of eyes
 10823 | D:11     | Learned a level 5 spell: Yara's Violent Unravelling
 10872 | D:12     | Reached XP level 13. HP: 111/114 MP: 23/25
 11120 | D:12     | XOM: confusion
 11185 | D:12     | XOM: repel stairs
 11193 | D:12     | XOM: swap monsters
 11470 | D:12     | XOM: noise
 11552 | D:13     | XOM: polymorph centaur warrior -> death drake
 11555 | D:13     | XOM: polymorph death drake -> two-headed ogre
 11558 | D:13     | XOM: cast spell 'Summon Cactus Giant'
 11677 | D:13     | XOM: enchant monster (good)
 11679 | D:13     | Noticed a minotaur
 11679 | D:13     | a catoblepas changed into a minotaur
 11679 | D:13     | XOM: polymorph catoblepas -> minotaur
 11680 | D:13     | a minotaur changed into a catoblepas
 11680 | D:13     | XOM: polymorph minotaur -> catoblepas
 11682 | D:13     | XOM: divine lightning
 11846 | D:13     | XOM: summons 3 friendly demons
 11849 | D:13     | XOM: 2-stop teleportation journey
 11867 | D:13     | XOM: cast spell 'Olgreb's Toxic Radiance'
 11879 | D:13     | XOM: noise
 12365 | D:13     | XOM: confuse monster(s)
 12567 | D:13     | XOM: god gift: ring mail {god gift}
 12598 | D:13     | XOM: summons 3 friendly demons
 12599 | D:13     | XOM: potion effect (invisibility)
 12603 | D:13     | XOM: summons 3 friendly demons
 12659 | D:13     | XOM: blink monster(s)
 12744 | D:13     | Reached skill level 10 in Armour
 12929 | D:14     | XOM: give mutation
 12929 | D:14     | Lost mutation: Your natural rate of healing is unusually
                  | fast. [Xom's mischief]
 12931 | D:14     | XOM: cast spell 'Death Channel'
 13016 | D:14     | XOM: cast spell 'Necromutation'
 13017 | D:14     | Reached XP level 14. HP: 55/124 MP: 3/27
 13035 | D:14     | XOM: confuse monster(s)
 13044 | D:14     | XOM: polymorph something unseen -> eye of devastation
 13160 | D:14     | Reached skill level 10 in Invocations
 13411 | D:14     | Identified the amulet of Naib {Acrobat Str+3 Int+4 Slay+3}
                  | (Xom gifted it to you on level 14 of the Dungeon)
 13411 | D:14     | XOM: god gift: amulet of Naib {Acrobat Str+3 Int+4 Slay+3}
 13412 | D:14     | XOM: scenery: 1 doors close
 13420 | D:14     | Identified the +0 leather armour of Egalitarianism {rPois
                  | Will+ rCorr Int+4 Dex-4}
 13943 | D:14     | Found a gate to the Vaults.
 14109 | D:14     | XOM: divination: detect items
 14234 | D:15     | Entered Level 15 of the Dungeon
 14465 | D:15     | XOM: scenery: 1 doors open
 14524 | D:15     | XOM: god gift: runed long sword {god gift}
 14662 | D:15     | XOM: scenery: 1 doors open
 14687 | D:15     | Learned a level 4 spell: Petrify
 14713 | D:15     | XOM: cast spell 'Statue Form'
 14718 | D:15     | XOM: enchant monster (good)
 14723 | D:15     | XOM: 1-stop teleportation journey
 14770 | D:15     | Reached skill level 10 in Dodging
 14854 | D:15     | XOM: summons friendly crimson imp
 14857 | D:15     | XOM: enchant monster (bad)
 15298 | D:15     | XOM: noise
 15733 | D:15     | Found a staircase to the Depths.
 15745 | D:15     | XOM: enchant monster (good)
 15754 | D:15     | XOM: god gift: staff of conjuration
 16153 | D:15     | Found a glowing silver altar of Zin.
 16153 | D:15     | Found a glowing golden altar of the Shining One.
 16153 | D:15     | Found a white marble altar of Elyvilon.
 16181 | D:15     | XOM is BORED!
 16181 | D:15     | XOM: give mutations
 16181 | D:15     | Gained mutation: You frequently scream uncontrollably at
                  | your foes. [Xom's mischief]
 16181 | D:15     | Lost mutation: You are very weak. (Str -4) [Xom's mischief]
 16181 | D:15     | Gained mutation: You are very weak. (Str -4) [Xom's
                  | mischief]
 16181 | D:15     | Lost mutation: You are very weak. (Str -4) [Xom's mischief]
 16280 | D:15     | Found a blossoming altar of Fedhas.
 16282 | D:15     | Found a broken altar of Ashenzari.
 16282 | D:15     | Found a shimmering altar of Xom.
 16284 | D:15     | Found a glowing silver altar of Zin.
 16284 | D:15     | Found a bloodstained altar of Trog.
 16284 | D:15     | Found a white marble altar of Elyvilon.
 16497 | D:9      | Fell from the grace of Xom
 16497 | D:9      | Became a worshipper of Ashenzari the Shackled
 16711 | D:5      | Bought a potion of heal wounds for 60 gold pieces
 16711 | D:5      | Bought a potion of mutation for 96 gold pieces
 16711 | D:5      | Bought 2 potions of curing for 72 gold pieces
 16711 | D:5      | Bought a potion of mutation for 96 gold pieces
 16761 | D:5      | Bought a potion of mutation for 104 gold pieces
 16761 | D:5      | Bought a potion of mutation for 104 gold pieces
 17010 | D:11     | Noticed a broodmother
 17010 | D:11     | a goliath frog changed into a broodmother
 17018 | D:11     | Noticed an emperor scorpion
 17018 | D:11     | a broodmother changed into an emperor scorpion
 17031 | D:11     | an emperor scorpion changed into a minotaur
 17037 | D:11     | Reached skill level 10 in Short Blades
 17037 | D:11     | Reached skill level 10 in Long Blades
 17037 | D:11     | Reached skill level 10 in Maces & Flails
 17037 | D:11     | Reached skill level 10 in Polearms
 17037 | D:11     | Reached skill level 10 in Staves
 17037 | D:11     | Reached skill level 10 in Ranged Weapons
 17037 | D:11     | Reached skill level 10 in Throwing
 17037 | D:11     | Reached skill level 10 in Stealth
 17037 | D:11     | Reached skill level 10 in Shields
 17037 | D:11     | Reached skill level 10 in Unarmed Combat
 17037 | D:11     | Reached skill level 10 in Spellcasting
 17037 | D:11     | Reached skill level 10 in Evocations
 17039 | D:11     | Found a runed translucent gate.
 17039 | D:11     | Found a runed translucent gate.
 17043 | D:11     | Found a runed translucent gate.
 17043 | D:11     | Noticed Discosetron's ghost (journeyman DgHu)
 17043 | D:11     | Noticed a cacodemon
 17046 | D:11     | Lost mutation: You are robust. (+10% HP) [a cacodemon]
 17052 | D:11     | Gained mutation: You have hidden genetic defects. [a
                  | neqoxec]
 17052 | D:11     | Gained mutation: You occasionally lose the ability to drink
                  | potions when taking damage. [a cacodemon]
 17053 | D:11     | Gained mutation: You occasionally lose the ability to read
                  | scrolls when taking damage. [a cacodemon]
 17063 | D:11     | Gained mutation: You are very clumsy. (Dex -4) [a
                  | cacodemon]
 17095 | D:11     | Gained mutation: You sometimes lose the ability to read
                  | scrolls when taking damage. [a cacodemon]
 17097 | D:11     | Gained mutation: Potions cannot restore your health. [a
                  | cacodemon]
 17132 | D:10     | XOM: stat loss: -1 Int (17/20)
 17610 | D:11     | Killed Discosetron's ghost
 17629 | D:11     | Reached XP level 15. HP: 104/120 MP: 29/29
 17685 | D:11     | Reached XP level 16. HP: 127/127 MP: 30/30
 17719 | D:11     | Gained mutation: You sometimes lose the ability to drink
                  | potions when taking damage. [mutagenic glow]
 17962 | Depths:1 | Entered Level 1 of the Depths
 18121 | Lair:1   | Entered Level 1 of the Lair of Beasts
 18170 | Lair:1   | Lost mutation: Your spells are a little harder to cast, but
                  | a little more powerful. [potion of mutation]
 18170 | Lair:1   | Lost mutation: You are very clumsy. (Dex -4) [potion of
                  | mutation]
 18170 | Lair:1   | Gained mutation: Your system is resistant to poisons.
                  | (rPois) [potion of mutation]
 18171 | Lair:1   | Lost mutation: You are clumsy. (Dex -2) [potion of
                  | mutation]
 18171 | Lair:1   | Lost mutation: You have hidden genetic defects. [potion of
                  | mutation]
 18171 | Lair:1   | Gained mutation: You are agile. (Dex +4, Str/Int -1)
                  | [potion of mutation]
 18172 | Lair:1   | Lost mutation: Your system is resistant to poisons. (rPois)
                  | [potion of mutation]
 18172 | Lair:1   | Lost mutation: Your flesh is heat resistant. (rF+) [potion
                  | of mutation]
 18172 | Lair:1   | Lost mutation: Potions cannot restore your health. [potion
                  | of mutation]
 18173 | Lair:1   | Lost mutation: You have sharp toenails. [potion of
                  | mutation]
 18173 | Lair:1   | Lost mutation: You frequently scream uncontrollably at your
                  | foes. [potion of mutation]
 18173 | Lair:1   | Lost mutation: You are weak. (Str -2) [potion of mutation]
 18173 | Lair:1   | Gained mutation: You are covered in fur. (AC +1) [potion of
                  | mutation]
 18174 | Lair:1   | Lost mutation: You occasionally shout uncontrollably at
                  | your foes. [potion of mutation]
 18174 | Lair:1   | Lost mutation: You are covered in fur. (AC +1) [potion of
                  | mutation]
 18174 | Lair:1   | Lost mutation: You are agile. (Dex +4, Str/Int -1) [potion
                  | of mutation]
 18174 | Lair:1   | Gained mutation: You have a pair of small antennae on your
                  | head. [potion of mutation]
 18174 | Lair:1   | Gained mutation: You are strong-willed. (Will+) [potion of
                  | mutation]
 18174 | Lair:1   | Gained mutation: Your flesh is heat resistant. (rF+)
                  | [potion of mutation]
 18174 | Lair:1   | XOM: scenery: create altars
 18175 | Lair:1   | Lost mutation: Potions are less effective at restoring your
                  | health. [potion of mutation]
 18175 | Lair:1   | Lost mutation: You sometimes lose the ability to drink
                  | potions when taking damage. [potion of mutation]
 18175 | Lair:1   | Lost mutation: You are strong-willed. (Will+) [potion of
                  | mutation]
 18175 | Lair:1   | Gained mutation: Your muscles are strong. (Str +4, Int/Dex
                  | -1) [potion of mutation]
 18176 | Lair:1   | Lost mutation: Your flesh is heat resistant. (rF+) [potion
                  | of mutation]
 18176 | Lair:1   | Lost mutation: You have a pair of small antennae on your
                  | head. [potion of mutation]
 18176 | Lair:1   | Lost mutation: You sometimes lose the ability to read
                  | scrolls when taking damage. [potion of mutation]
 18176 | Lair:1   | Lost mutation: Your muscles are strong. (Str +4, Int/Dex
                  | -1) [potion of mutation]
 18176 | Lair:1   | Gained mutation: Your muscles are strong. (Str +4, Int/Dex
                  | -1) [potion of mutation]
 19188 | Lair:2   | Reached * piety under Ashenzari
 19595 | Lair:2   | Noticed Amaemon
 19607 | Lair:2   | Killed Amaemon
 19681 | Lair:2   | XOM: give mutations
 19681 | Lair:2   | Gained mutation: You occasionally shout uncontrollably at
                  | your foes. [Xom's mischief]
 19681 | Lair:2   | Gained mutation: Your flesh is heat resistant. (rF+) [Xom's
                  | mischief]
 19681 | Lair:2   | Lost mutation: Your muscles are strong. (Str +4, Int/Dex
                  | -1) [Xom's mischief]
 19852 | Lair:2   | Reached ** piety under Ashenzari
 20205 | Lair:3   | Noticed Kirke
 20217 | Lair:3   | Killed Kirke
 20311 | Lair:3   | Found a hole to the Spider Nest.
 20535 | Lair:3   | Identified Fiejutot's Treatise on the Squall and Snow
 20654 | Lair:3   | Learned a level 6 spell: Statue Form
 20660 | Lair:3   | Learned a level 5 spell: Metabolic Englaciation
 20702 | Lair:3   | Found a staircase to the Shoals.
 21430 | Lair:4   | Reached *** piety under Ashenzari
 21441 | Lair:4   | Found a staircase to the Slime Pits.
 22234 | Lair:5   | Entered Level 5 of the Lair of Beasts
 23019 | Lair:5   | Found a runed translucent door.
 23168 | Lair:5   | XOM: noise
 23426 | Lair:5   | XOM: god gift: 613 gold pieces
 24229 | Lair:5   | Reached XP level 17. HP: 140/144 MP: 27/35
 25272 | Lair:5   | Lost mutation: You occasionally lose the ability to drink
                  | potions when taking damage. [potion of mutation]
 25272 | Lair:5   | Lost mutation: Your flesh is heat resistant. (rF+) [potion
                  | of mutation]
 25272 | Lair:5   | Gained mutation: Your natural rate of healing is unusually
                  | fast. [potion of mutation]
 25272 | Lair:5   | Gained mutation: You are agile. (Dex +4, Str/Int -1)
                  | [potion of mutation]
 25272 | Lair:5   | Gained mutation: You are very agile. (Dex +8, Str/Int -2)
                  | [potion of mutation]
 25492 | D:6      | Bought a twisted plate armour for 812 gold pieces
 25492 | D:6      | Identified the +0 plate armour of Chimes {Rampage rPois
                  | Will+ Int+2} (You bought it in a shop on level 6 of the
                  | Dungeon)
 25492 | D:6      | Bought a masterwork helmet for 275 gold pieces
 25492 | D:6      | Identified the +2 helmet "Buehot" {rC+ Stlth+} (You bought
                  | it in a shop on level 6 of the Dungeon)
 25492 | D:6      | Bought a twisted hat for 261 gold pieces
 25492 | D:6      | Identified the +0 hat of Roketig {rElec rC+ Int-5} (You
                  | bought it in a shop on level 6 of the Dungeon)
 25601 | Orc:1    | Entered Level 1 of the Orcish Mines
 26245 | Orc:2    | Entered Level 2 of the Orcish Mines
 26361 | Orc:2    | Found a staircase to the Elven Halls.
 26535 | Orc:2    | Noticed Rupert
 26559 | Orc:2    | Killed Rupert
 26684 | Orc:2    | Found a frozen archway.
 26701 | IceCv    | Entered an ice cave
 26722 | IceCv    | Identified the ring of Ru's Regard {rPois rC+ rN+ Int-5
                  | Dex+4}
 26725 | IceCv    | Identified the ring of Furghim {Drain rC+ Str+10 Int+3
                  | Slay+3}
 26988 | IceCv    | Found a viscous altar of Jiyva.
 27047 | IceCv    | Identified the Grimoire of a Million Dances
 27464 | Orc:2    | Found Duduof's Magic Scroll Boutique.
 27545 | Orc:2    | Found Wuyfeag's Jewellery Boutique.
 27635 | Orc:2    | Reached skill level 10 in Ice Magic
 27642 | Orc:2    | Found Vaegonau's Antique Weapon Emporium.
 27648 | Orc:2    | Reached skill level 10 in Conjurations
 27648 | Orc:2    | Reached skill level 10 in Hexes
 27648 | Orc:2    | Reached skill level 10 in Summonings
 27648 | Orc:2    | Reached skill level 10 in Necromancy
 27648 | Orc:2    | Reached skill level 10 in Translocations
 27648 | Orc:2    | Reached skill level 10 in Transmutations
 27648 | Orc:2    | Reached skill level 10 in Fire Magic
 27648 | Orc:2    | Reached skill level 10 in Air Magic
 27648 | Orc:2    | Reached skill level 10 in Earth Magic
 27648 | Orc:2    | Reached skill level 10 in Poison Magic
 27656 | Orc:2    | Found Vyum Weta's Antique Armour Shoppe.
 27916 | Orc:2    | Bought a shiny chain mail for 180 gold pieces
 27965 | Orc:2    | Bought a scroll of enchant weapon for 90 gold pieces
 27965 | Orc:2    | Bought a scroll of enchant armour for 90 gold pieces
 27965 | Orc:2    | Bought a scroll of teleportation for 36 gold pieces
 27965 | Orc:2    | Bought a scroll of blinking for 90 gold pieces
 27993 | Elf:1    | Entered Level 1 of the Elven Halls
 28203 | Elf:1    | XOM: 1-stop teleportation journey
 29139 | Elf:2    | Reached XP level 18. HP: 108/151 MP: 26/36
 29191 | Elf:2    | Identified the Secrets of Evolution
 29217 | Elf:2    | Reached XP level 19. HP: 152/157 MP: 34/37
 29223 | Elf:2    | Found a runed translucent gate.
 29224 | Elf:2    | Found a runed translucent gate.
 29224 | Elf:2    | Found a runed translucent gate.
 29288 | Elf:2    | Learned a level 5 spell: Manifold Assault
 29368 | Elf:2    | Noticed Azrael
 29380 | Elf:2    | Killed Azrael
 30283 | Elf:3    | Entered Level 3 of the Elven Halls
 30324 | Elf:3    | Found Ohoeril's Antique Weapon Emporium.
 30520 | Elf:3    | Found Icyaniy's Jewellery Shoppe.
 30521 | Elf:3    | Found Fonanoah's Book Shop.
 30521 | Elf:3    | Found Adehyet's Book Shop.
 30890 | Elf:3    | Noticed an Ice Fiend
 30898 | Elf:3    | Noticed an Ice Fiend
 31128 | Elf:3    | XOM: divination: detect creatures
 31289 | Elf:2    | XOM: cloud trail
 31487 | Elf:3    | Identified the ring of Xualluco {Wiz Dex+2 Slay+3}
 31813 | Elf:3    | Noticed a Hell Sentinel
 31818 | Elf:3    | Noticed an Ice Fiend
 31826 | Elf:3    | Found a bloodstained altar of Trog.
 31829 | Elf:3    | HP: 14/330 [spriggan berserker/+0 flail (35)]
 31830 | Elf:3    | HP: 5/330 [death yak[a spriggan berserker] (10)]
 31860 | Elf:3    | Identified the cursed +2 cloak of Toth-Mos's Legacy {Cun,
                  | Bglg} (You took it off Crazy Yiuf on level 2 of the
                  | Dungeon)
 32013 | Elf:3    | XOM: god gift: runed leather armour {god gift}
 32357 | Elf:3    | Found the +3 hat of Pondering {ponderous, Will+ MP+10
                  | Int+5}
 32366 | Elf:3    | Was forgiven by Xom
 32425 | Elf:3    | Identified the Guidebook on Planar Stolen Souls
 32432 | Elf:3    | Reached XP level 20. HP: 165/167 MP: 37/39
 32477 | Elf:3    | Identified the Dissertation on Meteoric Spellbinding
 32790 | Slime:1  | Entered Level 1 of the Pits of Slime
 33031 | Slime:1  | Found a viscous altar of Jiyva.
 33035 | Slime:1  | Lost mutation: You are very agile. (Dex +8, Str/Int -2) [a
                  | shining eye]
 33037 | Slime:1  | Lost mutation: Your natural rate of healing is unusually
                  | fast. [a shining eye]
 33264 | Slime:1  | Gained mutation: You sometimes lose your temper in combat.
                  | [a shining eye]
 33265 | Slime:1  | Gained mutation: You sometimes lose the ability to read
                  | scrolls when taking damage. [a shining eye]
 33270 | Slime:1  | HP: 3/167 [acid blob (15)]
 33270 | Slime:1  | Splashed by an acid blob's acid

Illustrated notes

Levels and vault maps discovered:
D:1:      minmay_arrival_doors, layout_basic, feat_on_display
D:2:      layout_rooms, basic_altar, hellmonk_ecumenical_altar_lost_god,
          st_stairs_2, minmay_three_crescents, uniq_crazy_yiuf_cottage
D:3:      layout_rooms, nicolae_overflow_ecumenical_swirl,
          mainiacjoe_overflow_cross_hatched, serial_glass, glass_columns_a,
          glass_columns_a
D:4:      layout_loops_cross, temple_pool_b
D:5:      layout_loops_ring, nicolae_gozag_cash_rules_everything_around_me,
          old_standard_altar, portal_sewer_entry_e, serial_shops, shop,
          kennysheep_mini_moat, nicolae_shop_crystal
D:6:      layout_basic, nicolae_overflow_hidden_temple, gammafunk_ghost_split,
          serial_shops, kennysheep_mini, nicolae_shop_bloodbath_and_beyond,
          shop, shop, grunt_decor_clamped
D:7:      cheibrodos_quashed, layout_loops_corners, lemuel_round_altar,
          uniq_maggie
D:8:      layout_layer_cave, fedhas_ov_isle_minmay,
          mainiacjoe_overflow_surrounded_room, minmay_lair_entry_grove,
          uniq_pikel, uniq_maurice, uniq_joseph
D:9:      layout_long_grid, grunt_temple_overflow_lords_of_destruction,
          marbit_many_paths, mainiacjoe_overflow_small_starburst,
          nicolae_straight_to_the_point
D:10:     gammafunk_cloud_chamber, layout_stronghold, uniq_sonja
D:11:     layout_gridville, orc_0_dummy, gauntlet_entry_generic,
          nicolae_trove_entry_path_of_doom,
          ploomutoo_gammafunk_ghost_potion_laboratory,
          dreamdust_princess_corridor
D:12:     layout_cave_pools
D:13:     hangedman_arrow_trap, layout_loops_corners
D:14:     layout_roguey, hangedman_vaults_entry_quadrant_bands,
          columned_hall_lemuel
D:15:     gammafunk_enter_depths_forms, layout_irregular_city, serial_glass,
          glass_columns_c, glass_columns_a, glass_columns_a, glass_columns_a,
          glass_columns_b, glass_columns_c, glass_columns_a, glass_columns_c,
          good_gods_mini_temple, doesnt_xom_only_xom
Lair:1:   layout_small_grid
Lair:2:   layout_big_grid, infiniplex_staircase_pool_2, uniq_amaemon
Lair:3:   layout_cave_pods, minmay_shoals_entry_beasts, spider_nest_entry_webs,
          uniq_kirke
Lair:4:   layout_hall_layers, minmay_slime_entry_pillars
Lair:5:   wormcave, layout_layer_cave, guppyfry_lair_end_dragon,
          minmay_shattered_shrine, lemuel_fruit_fields, serial_bayou_shore_b,
          infiniplex_staircase_pool
Slime:1:  layout_caves, basic_altar
Slime:2:  layout_caves
Orc:1:    layout_caves
Orc:2:    grunt_orc_community_town_hall, layout_caves,
          grunt_orc_community_big_house_1, grunt_orc_community_big_house_2,
          grunt_orc_community_house_2, grunt_orc_community_house_3,
          grunt_orc_community_house_3, grunt_orc_community_house_3,
          grunt_orc_community_house_1, grunt_orc_community_house_2,
          portal_ice_cave_entry_ice_simulacra, uniq_rupert
Elf:1:    layout_onion_city, hangedman_elf_represent
Elf:2:    nicolae_elf_blades_crystal_corner, layout_loops_cross, uniq_azrael
Elf:3:    minmay_elf_hall_furrowed, layout_geoelf_octagon, serial_shops,
          nicolae_shop_overgrown_old_shop, evilmike_spriggan_trog_shrine,
          minmay_shop_grove
Depths:1: layout_gridlike, grunt_hell_entry_dis_old,
          chequers_serial_rivers_micro_e, kennysheep_generic_room_14,
          grunt_megastairs_4

Skill      XL: |  1  2  3  4  5  6  7  8  9 10 11 12 13 14 15 16 17 18 19 |
---------------+----------------------------------------------------------+-----
Invocations    | 1 2 3 4 5 6 7 8 9 10 11 12 13 14 | 14.3
Short Blades   | 1 2 3 4 5 6 7 8 9 10 11 12 13 | 13.2
Long Blades    | 1 2 3 4 5 6 7 8 9 10 11 12 13 | 13.2
Maces & Flails | 1 2 3 4 5 6 7 8 9 10 11 12 13 | 13.2
Polearms       | 1 2 3 4 5 6 7 8 9 10 11 12 13 | 13.2
Staves         | 1 2 3 4 5 6 7 8 9 10 11 12 13 | 13.2
Ranged Weapons | 1 2 3 4 5 6 7 8 9 10 11 12 13 | 13.2
Throwing       | 1 2 3 4 5 6 7 8 9 10 11 12 13 | 13.2
Stealth        | 1 2 3 4 5 6 7 8 9 10 11 12 13 | 13.2
Shields        | 1 2 3 4 5 6 7 8 9 10 11 12 13 | 13.2
Unarmed Combat | 1 2 3 4 5 6 7 8 9 10 11 12 13 | 13.2
Spellcasting   | 1 2 3 4 5 6 7 8 9 10 11 12 13 | 13.2
Evocations     | 1 2 3 4 5 6 7 8 9 10 11 12 13 | 13.2
Conjurations   | 1 2 3 4 5 6 7 8 9 10 11 | 11.2
Hexes          | 1 2 3 4 5 6 7 8 9 10 11 | 11.2
Summonings     | 1 2 3 4 5 6 7 8 9 10 11 | 11.2
Necromancy     | 1 2 3 4 5 6 7 8 9 10 11 | 11.2
Translocations | 1 2 3 4 5 6 7 8 9 10 11 | 11.2
Transmutations | 1 2 3 4 5 6 7 8 9 10 11 | 11.2
Fire Magic     | 1 2 3 4 5 6 7 8 9 10 11 | 11.2
Ice Magic      | 1 2 3 4 5 6 7 8 9 10 12 | 12.3
Air Magic      | 1 2 3 4 5 6 7 8 9 10 11 | 11.2
Earth Magic    | 1 2 3 4 5 6 7 8 9 10 11 | 11.2
Poison Magic   | 1 2 3 4 5 6 7 8 9 10 11 | 11.2
Dodging        | 3 4 5 6 7 8 9 10 11 12 13 | 13.4
Armour         | 5 6 7 8 9 10 11 12 13 | 13.9
Fighting       | 7 8 9 10 11 12 13 14 | 14.6
Axes           | 7 8 9 10 11 12 13 14 | 14.6

Action                   |  1- 3 |  4- 6 |  7- 9 | 10-12 | 13-15 | 16-18 | 19-21 || total
-------------------------+-------+-------+-------+-------+-------+-------+-------++-------
Melee: Hand axe          |    58 |    16 |       |       |       |       |       ||    74
       Bite              |     7 |     3 |     9 |    13 |    79 |   165 |    34 ||   310
       Punch             |     1 |     1 |       |     6 |    27 |    87 |       ||   122
       Quarterstaff      |       |    21 |    88 |       |       |       |       ||   109
       Sling             |       |       |     1 |       |       |       |       ||     1
       Kick              |       |       |    12 |    43 |   211 |    11 |       ||   277
       Flail             |       |       |     7 |    18 |       |       |       ||    25
       War axe           |       |       |       |    89 |   507 |   727 |       ||  1323
       Unarmed           |       |       |       |       |     1 |       |       ||     1
       Long sword        |       |       |       |       |    26 |     5 |       ||    31
       Scimitar          |       |       |       |       |     4 |    37 |       ||    41
       Executioner's axe |       |       |       |       |       |   258 |   342 ||   600
 Fire: Sling             |       |    78 |   241 |   451 |    43 |       |       ||   813
Throw: Dart              |       |       |       |       |       |     2 |       ||     2
 Cast: Ozocubu's Armour  |       |       |       |     1 |       |     9 |       ||    10
       Olgreb's Toxic Ra |       |       |       |       |     8 |    14 |    12 ||    34
       Summon Lightning  |       |       |       |       |     5 |    16 |     7 ||    28
       Anguish           |       |       |       |       |     1 |    13 |     7 ||    21
       Teleport Other    |       |       |       |       |     1 |       |       ||     1
       Statue Form       |       |       |       |       |       |     2 |     2 ||     4
       Manifold Assault  |       |       |       |       |       |       |    29 ||    29
Invok: Curse Item        |       |       |       |       |       |     6 |       ||     6
       Shatter the Chain |       |       |       |       |       |     1 |       ||     1
Evoke: Wand              |       |       |       |       |     1 |       |       ||     1
       Piece from Xom's  |       |       |       |       |     1 |       |       ||     1
  Use: Scroll            |       |     7 |     5 |    15 |    10 |     6 |     2 ||    45
       Potion            |       |       |     3 |     4 |     6 |     9 |     8 ||    30
 Stab: Distracted        |     1 |       |       |       |     2 |     5 |     3 ||    11
       Sleeping          |       |     2 |       |     1 |     5 |    23 |     5 ||    36
       Invisible         |       |     1 |       |       |    24 |       |       ||    25
       Confused          |       |       |       |       |     4 |       |       ||     4
       Petrified         |       |       |       |       |     3 |       |       ||     3
Armor: Leather armour    |     8 |    29 |    67 |       |       |       |       ||   104
       Swamp dragon scal |       |       |    28 |   250 |   367 |   492 |   110 ||  1247
       Skin              |       |       |       |       |    66 |    16 |     8 ||    90
Dodge: Dodged            |    25 |    57 |   122 |   342 |   549 |  1087 |   358 ||  2540
